 Dungeon Crawl Stone Soup version 0.28.0-53-g5a82cb258f (webtiles) character file.

Game seed: 3639754035318584620

17719 DildoBatman the Geomancer (level 12, -6/67 (86) HPs)
             Began as a Formicid Conjurer on June 16, 2022.
             Was an Elder of Kikubaaqudgha.
             Killed from afar by an ogre mage (22 damage)
             ... with a bolt of magma
             ... on level 2 of the Orcish Mines.
             The game lasted 00:51:11 (10971 turns).

DildoBatman the Geomancer (Formicid Conjurer)      Turns: 10971, Time: 00:51:11

HP:   -6/67 (86)    AC: 12    Str: 18    XL:     12   Next: 86%
MP:   14/23         EV: 10    Int: 19    God:    Kikubaaqudgha [****..]
Gold: 963           SH:  4    Dex: 13    Spells: 6/25 levels left

rFire   . . .      SeeInvis +   b - +4 triple sword (flame)
rCold   + + .      Faith    .   N - +0 buckler
rNeg    + . .      Spirit   .   A - +3 ring mail of Vuessabb {-Tele Rampage rC++ Regen+}
rPois   .          Reflect  .   (helmet unavailable)
rElec   .          Harm     .   (no cloak)
rCorr   .          Rampage  +   y - +1 pair of gloves
Will    +....                   x - +0 pair of boots
Stlth   +.........              (no amulet)
HPRegen 1.01/turn               L - ring of positive energy
MPRegen 0.18/turn               K - +6 ring of strength

@: heavily drained
A: permanent stasis, dig shafts and tunnels, antennae 3, four strong arms
a: Dig, Shaft Self, Renounce Religion, Receive Corpses


You were on level 2 of the Orcish Mines.
You worshipped Kikubaaqudgha.
Kikubaaqudgha was greatly pleased with you.
You visited 3 branches of the dungeon, and saw 13 of its levels.
You also visited: Sewer.

You collected 1123 gold pieces.
You spent 160 gold pieces at shops.

Inventory:

Hand Weapons
 a - a +1 vorpal hunting sling
 b - a +4 triple sword of flaming (weapon)
Missiles
 c - 68 bolts
 j - 6 silver javelins
 q - 161 arrows
 r - 4 atropa-tipped darts
 t - 58 sling bullets
 v - 5 poisoned darts
 D - 357 stones
Armour
 h - the +0 leather armour of the Falcon {rPois rC+ Int+4}
   (You found it on level 10 of the Dungeon)

   Int:       It affects your intelligence (+4).
   rC:        It protects you from cold.
   rPois:     It protects you from poison.
 o - a +0 troll leather armour {Pargi}
 x - a +0 pair of boots (worn)
 y - a +1 pair of gloves (worn)
 A - the +3 ring mail of Vuessabb (worn) {-Tele Rampage rC++ Regen+}
   (You found it on level 5 of the Dungeon)

   rC:        It greatly protects you from cold.
   -Tele:     It prevents most forms of teleportation.
   Regen:     It increases your rate of health regeneration.
   Rampage:   It bestows one free step when moving towards enemies.
 E - a +1 ring mail of fire resistance
 F - a +0 chain mail of willpower
 N - a +0 buckler (worn)
Magical Staves
 k - a staff of earth
Jewellery
 K - a +6 ring of strength (right hand)
 L - a ring of positive energy (left hand)
Wands
 C - a wand of paralysis (5)
 J - a wand of flame (20)
 S - a wand of digging (5)
Scrolls
 i - 2 scrolls of brand weapon
 l - a scroll of enchant armour {unknown}
 p - 3 scrolls of silence {unknown}
 z - 2 scrolls of identify
 B - a scroll of magic mapping {unknown}
 H - a scroll of acquirement {unknown}
 I - 3 scrolls of immolation
 P - a scroll of blinking {unknown}
 Q - a scroll of vulnerability {unknown}
 R - a scroll of fear {unknown}
 T - 2 scrolls of noise {unknown}
Potions
 d - a potion of mutation {unknown}
 e - a potion of might {unknown}
 f - a potion of heal wounds {unknown}
 g - a potion of haste {unknown}
 m - 2 potions of cancellation
 n - 3 potions of curing
 s - 2 potions of flight {unknown}
 u - a potion of ambrosia {unknown}
 w - a potion of lignification {unknown}
 G - 3 potions of magic
 M - a potion of invisibility {unknown}


   Skills:
 - Level 5.0 Fighting
 - Level 3.0 Long Blades
 - Level 6.0 Armour
 - Level 1.7 Dodging
 - Level 2.4 Stealth
 - Level 3.0 Shields
 * Level 7.4 Spellcasting
 - Level 6.0 Conjurations
 * Level 11.2 Necromancy
 - Level 6.0 Ice Magic
 - Level 12.0 Earth Magic


You had 6 spell levels left.
You knew the following spells:

 Your Spells              Type           Power      Damage    Failure   Level
a - Borgnjor's Vile Clut  Necr/Erth      25%        N/A       4%          5
b - Frozen Ramparts       Ice            58%        1d7       4%          3
c - Searing Ray           Conj           58%        2d6       2%          2
d - Vampiric Draining     Necr           49%        2d9       1%          3
e - Magic Dart            Conj           100%       1d8       1%          1
f - Dazzling Flash        Conj/Hex       36%        N/A       17%         3
g - Static Discharge      Conj/Air       18%        N/A       9%          2

Your spell library contained the following spells:

 Spells                   Type           Power      Damage    Failure   Level
 Animate Skeleton         Necr           98%        N/A       1%          1
 Freeze                   Ice            100%       1d11      1%          1
 Pain                     Necr           100%       1d9       1%          1
 Animate Dead             Necr           24%        N/A       1%          4
 Corpse Rot               Necr/Air       56%        N/A       3%          2
 Hailstorm                Conj/Ice       29%        3d8       17%         4
 Petrify                  Tmut/Erth      29%        N/A       17%         4
 Summon Small Mammal      Summ           28%        N/A       21%         1
 Anguish                  Hex/Necr       14%        N/A       21%         4
 Death Channel            Necr           24%        N/A       30%         6
 Fulminant Prism          Conj/Hex       9%         3d7       50%         4
 Iskenderun's Mystic Bla  Conj/Tloc      18%        2d6       50%         4
 Call Canine Familiar     Summ           7%         N/A       52%         3
 Summon Guardian Golem    Hex/Summ       7%         N/A       52%         3
 Tukima's Dance           Hex            7%         N/A       52%         3
 Simulacrum               Ice/Necr       19%        N/A       65%         6
 Lightning Bolt           Conj/Air       9%         1d21      85%         5
 Cause Fear               Hex            3%         N/A       89%         4
 Manifold Assault         Tloc           7%         N/A       99%         5
 Maxwell's Capacitive Co  Air            3%         ∞         100%        8
 Fire Storm               Conj/Fire      9%         8d2       100%        9
 Blink                    Tloc           Unusable   N/A       N/A         2

Dungeon Overview and Level Annotations

Branches:
Dungeon (10/15)            Temple (1/1) D:6            Lair (0/6) D:8
    Orc (2/2) D:10            Elf (0/3) Orc:2         Sewer (visited)

Altars:
Ashenzari
Cheibriados
Dithmenos
Elyvilon
Fedhas
Gozag
Hepliaklqana
Kikubaaqudgha
Makhleb
Nemelex Xobeh
Okawaru
Qazlal
Ru
Sif Muna
Trog
Uskayaw
Vehumet
Wu Jian
Xom
Yredelemnul
Zin
The Shining One

Shops:
Orc:2 **

Annotations:
D:7 1 exclusion
D:8 exclusion: two-headed ogre


Innate Abilities, Weirdness & Mutations

You cannot be hasted, slowed, berserked, paralysed or teleported.
You can dig through walls and to a lower floor.
You have a pair of large antennae on your head. (SInv)
Your four strong arms can wield two-handed weapons with a shield.


Message History

Unknown command.
You closely miss the ogre mage. The ogre hits you but does no damage.
The ogre mage hits you with a +0 club.
You barely miss the ogre mage. The ogre hits you with a +0 giant club!
The ogre mage hits you with a +0 club! The ogre mage hits you with a +0 club.
You block the ogre's attack. Magic courses through your body.
The ogre mage hits you with a +0 club.
Casting: Borgnjor's Vile Clutch (dangerous; 4% risk of failure)
Confirm with . or Enter, or press ? or * to list all spells.
Aiming: Vampiric Draining (safe; 1% risk of failure)
Press: ? - help, Shift-Dir - straight line, f/p - ogre mage
Aim: an ogre mage, wielding a +0 club and wearing a +0 robe (slightly transparent)
You draw life force from the ogre mage!
You feel life coursing into your body. The ogre hits you with a +0 giant club.
The ogre mage closely misses you.
Casting: Vampiric Draining (safe; 1% risk of failure)
Confirm with . or Enter, or press ? or * to list all spells.
Aiming: Vampiric Draining (safe; 1% risk of failure)
Press: ? - help, Shift-Dir - straight line, f/p - ogre mage
Aim: an ogre mage, wielding a +0 club and wearing a +0 robe (lightly wounded, slightly transparent)
You draw life force from the ogre mage.
You feel life coursing into your body. You block the ogre's attack.
The ogre mage barely misses you.
Casting: Vampiric Draining (safe; 1% risk of failure)
Confirm with . or Enter, or press ? or * to list all spells.
Aiming: Vampiric Draining (safe; 1% risk of failure)
Press: ? - help, Shift-Dir - straight line, f/p - ogre mage
Aim: an ogre mage, wielding a +0 club and wearing a +0 robe (lightly wounded, slightly transparent)
You draw life force from the ogre mage.
You feel life coursing into your body.
The ogre mage gestures at you while chanting.
The bolt of magma hits you!!
You die...
Kikubaaqudgha rasps: "You have failed me!
Welcome... death!"

##..O{#O###......#...#......
#...O{#..#..................
##..{#O........#........##..
##.........#............###
#..[.##.##........##....#.
##.########..###...##...#.
##O## #### ##......#.# ##O##
### ##....#... ##{###@##
###.#..∩. ##{#O#O## #...#...
##O###.# ##...#.# ##)#.##
##...#. ##.## ###### ###


You could see an ogre mage (invisible) and 2 ogres.

Vanquished Creatures
  Josephine (Orc:2)
  8 two-headed ogres
  2 orc sorcerers (Orc:1)
  2 cyclopes
  4 trolls
  Prince Ribbit (D:5)
  A slime creature (D:9)
  A shadow (D:9)
  4 wraiths (Orc:2)
  4 yaks (D:10)
  3 wyverns
  5 wargs
  2 acid dragons
  A water moccasin (D:8)
  A sky beast (D:5)
  Pargi (Sewer)
  17 orc warriors
  10 ogres
  2 black bears
  3 necrophages
  6 centaurs
  2 phantoms (D:6)
  4 bullfrogs
  4 scorpions
  A gnoll sergeant (D:8)
  A water moccasin zombie (D:5)
  3 water moccasin skeletons
  15 killer bees
  13 wights
  A howler monkey (D:10)
  An electric eel (Orc:2)
  2 centaur zombies
  3 hounds (D:5)
  12 orc priests
  A bullfrog skeleton (D:5)
  4 centaur skeletons
  An iguana (D:4)
  16 orc wizards
  A howler monkey zombie (D:7)
  12 gnolls
  5 adders
  A river rat (D:5)
  A shadow imp (D:5)
  A white imp (D:7)
  An ufetubus (D:6)
  3 worms (D:2)
  3 dart slugs
  62 orcs
  9 ball pythons
  13 endoplasms
  7 giant cockroaches
  7 goblins
  8 hobgoblins
  12 jackals
  6 quokkas
  4 bats
  5 frilled lizards
  10 kobolds
  10 rats
344 creatures vanquished.

Vanquished Creatures (others)
  6 plants (D:1)
  5 toadstools (D:3)
  7 withered plants (D:1)
18 creatures vanquished.

Grand Total: 362 creatures vanquished

Notes
Turn   | Place    | Note
-------+----------+-------------------------------------------
     0 | D:1      | DildoBatman the Formicid Conjurer began the quest for the
                  | Orb.
     0 | D:1      | Reached XP level 1. HP: 13/13 MP: 3/3
   211 | D:1      | Reached XP level 2. HP: 15/19 MP: 1/5
   214 | D:1      | Learned a level 2 spell: Searing Ray
   418 | D:1      | Found a faded altar of an unknown god.
   542 | D:1      | Reached XP level 3. HP: 24/24 MP: 0/6
  1126 | D:2      | Reached XP level 4. HP: 30/30 MP: 3/7
  1145 | D:2      | Reached skill level 5 in Conjurations
  1849 | D:3      | Reached XP level 5. HP: 35/35 MP: 8/8
  2326 | D:3      | Reached skill level 1 in Fighting
  2703 | D:4      | Reached XP level 6. HP: 33/44 MP: 0/9
  2800 | D:4      | Reached skill level 1 in Armour
  3347 | D:5      | Entered Level 5 of the Dungeon
  3347 | D:5      | Noticed a sky beast
  3355 | D:5      | Killed a sky beast
  3406 | D:5      | Reached XP level 7. HP: 23/50 MP: 2/12
  3602 | D:5      | Reached skill level 5 in Spellcasting
  3756 | D:5      | Found a glowing drain.
  3806 | Sewer    | Entered a sewer
  3916 | Sewer    | Noticed Pargi
  3980 | Sewer    | Learned a level 2 spell: Static Discharge
  3984 | Sewer    | Learned a level 3 spell: Dazzling Flash
  4015 | Sewer    | Killed Pargi
  4153 | D:5      | Reached XP level 8. HP: 56/56 MP: 11/17
  4229 | D:5      | Identified the +3 ring mail of Vuessabb {-Tele Rampage rC++
                  | Regen+}
  4790 | D:6      | Noticed Prince Ribbit
  4899 | D:6      | Identified the +5 chain mail of Doacufop {rN+ Regen+}
  4967 | D:6      | Found a staircase to the Ecumenical Temple.
  4973 | Temple   | Entered the Ecumenical Temple
  5284 | Temple   | Became a worshipper of Kikubaaqudgha
  5410 | D:5      | Killed Prince Ribbit
  5411 | D:5      | Reached XP level 9. HP: 40/67 MP: 5/19
  5444 | D:5      | Reached skill level 5 in Fighting
  5444 | D:5      | Reached skill level 5 in Armour
  6339 | D:7      | Reached skill level 5 in Necromancy
  6553 | D:7      | Reached * piety under Kikubaaqudgha
  6553 | D:7      | Received a gift from Kikubaaqudgha
  6555 | D:7      | Reached XP level 10. HP: 30/74 MP: 12/20
  6564 | D:7      | Identified the +6 chain mail of Qemoqas {Dex+3}
  6976 | D:8      | Noticed a two-headed ogre
  7032 | D:8      | Found a staircase to the Lair.
  7071 | D:8      | Learned a level 3 spell: Vampiric Draining
  7586 | D:8      | Reached skill level 1 in Shields
  7887 | D:8      | Reached ** piety under Kikubaaqudgha
  7918 | D:8      | Learned a level 3 spell: Frozen Ramparts
  8058 | D:9      | Reached skill level 1 in Ice Magic
  8478 | D:9      | Noticed a two-headed ogre
  8489 | D:9      | Killed a two-headed ogre
  8490 | D:9      | Reached XP level 11. HP: 9/79 MP: 3/21
  8900 | D:10     | Entered Level 10 of the Dungeon
  8909 | D:10     | Got the Catalogue of Execration and Stones
  8940 | D:10     | Reached skill level 10 in Necromancy
  9072 | D:10     | Got the Incunabulum of the Fiery Traveller
  9100 | D:10     | Found an ornate altar of the Wu Jian Council.
  9108 | D:10     | Identified the +0 leather armour of the Falcon {rPois rC+
                  | Int+4}
  9122 | D:10     | Found a basalt altar of Yredelemnul.
  9230 | D:10     | Reached skill level 1 in Long Blades
  9269 | D:10     | Found a staircase to the Orcish Mines.
  9564 | D:10     | Found a shimmering altar of Xom.
  9565 | D:10     | Found a sacrificial altar of Ru.
  9608 | Orc:1    | Entered Level 1 of the Orcish Mines
  9794 | D:10     | Reached *** piety under Kikubaaqudgha
  9794 | D:10     | Received a gift from Kikubaaqudgha
  9811 | D:10     | Learned a level 5 spell: Borgnjor's Vile Clutch
  9839 | D:10     | Reached skill level 1 in Earth Magic
  9879 | Orc:1    | Reached skill level 2 in Earth Magic
 10048 | Orc:1    | Noticed an orc sorcerer
 10058 | Orc:1    | Killed an orc sorcerer
 10059 | Orc:1    | Reached skill level 3 in Earth Magic
 10069 | Orc:1    | Noticed an orc sorcerer
 10088 | Orc:1    | Killed an orc sorcerer
 10089 | Orc:1    | Reached skill level 4 in Earth Magic
 10127 | Orc:1    | Reached skill level 5 in Earth Magic
 10289 | Orc:1    | Noticed a cyclops
 10300 | Orc:1    | Killed a cyclops
 10301 | Orc:1    | Reached skill level 6 in Earth Magic
 10383 | Orc:2    | Entered Level 2 of the Orcish Mines
 10387 | Orc:2    | Found Fadus's Fabulous Fripperies.
 10387 | Orc:2    | Noticed a cyclops
 10406 | Orc:2    | Killed a cyclops
 10407 | Orc:2    | Reached XP level 12. HP: 62/86 MP: 8/22
 10468 | Orc:2    | Reached skill level 7 in Earth Magic
 10530 | Orc:2    | Reached **** piety under Kikubaaqudgha
 10531 | Orc:2    | Reached skill level 8 in Earth Magic
 10546 | Orc:2    | Found a staircase to the Elven Halls.
 10646 | Orc:2    | Found Zuadutej's General Store.
 10655 | Orc:2    | Noticed Josephine
 10683 | Orc:2    | Killed Josephine
 10684 | Orc:2    | Reached skill level 9 in Earth Magic
 10734 | Orc:2    | Bought a scroll of identify for 32 gold pieces
 10734 | Orc:2    | Bought a potion of cancellation for 128 gold pieces
 10813 | Orc:2    | Noticed a two-headed ogre
 10814 | Orc:2    | Noticed a two-headed ogre
 10814 | Orc:2    | Noticed an ogre mage
 10817 | Orc:2    | Noticed a two-headed ogre
 10817 | Orc:2    | Noticed a two-headed ogre
 10817 | Orc:2    | Noticed a two-headed ogre
 10825 | Orc:2    | Noticed an ogre mage
 10826 | Orc:2    | Noticed an ogre mage
 10826 | Orc:2    | Noticed a two-headed ogre
 10827 | Orc:2    | Killed a two-headed ogre
 10828 | Orc:2    | Reached skill level 10 in Earth Magic
 10829 | Orc:2    | Noticed a two-headed ogre
 10858 | Orc:1    | Killed a two-headed ogre
 10902 | Orc:2    | Noticed a two-headed ogre
 10902 | Orc:2    | Noticed a two-headed ogre
 10902 | Orc:2    | Noticed a two-headed ogre
 10926 | Orc:2    | Killed a two-headed ogre
 10926 | Orc:2    | Killed a two-headed ogre
 10927 | Orc:2    | Reached skill level 11 in Earth Magic
 10937 | Orc:2    | Killed a two-headed ogre
 10939 | Orc:2    | Killed a two-headed ogre
 10940 | Orc:2    | Reached skill level 12 in Earth Magic
 10954 | Orc:2    | Killed a two-headed ogre
 10971 | Orc:2    | Killed from afar by an ogre mage

Illustrated notes

Levels and vault maps discovered:
D:1:      minmay_arrival_four_houses, layout_loops_cross,
          shapermc_ecumenical_altar_flowoftime
D:2:      layout_basic
D:3:      layout_basic, minmay_gold_behind_fungi
D:4:      layout_basic
D:5:      layout_loops_ring, portal_sewer_entry_e, minivault_11,
          chequers_mini_garden
D:6:      layout_cave_pools, minmay_temple_entry_wispy, uniq_prince_ribbit1
D:7:      layout_layer_cave, grunt_decor_resistance
D:8:      layout_loops_ring, erik_lair_orcish_takeover
D:9:      layout_loops_cross, kennysheep_generic_room_6
D:10:     layout_irregular_city, mainiacjoe_overflow_divided_tiny,
          grunt_temple_overflow_open, david_orc_3
Temple:   dpeg_five_rooms_temple
Orc:1:    layout_caves, lightli_orcish_oven
Orc:2:    st_orc_ogre_mass, layout_caves, serial_shops, nicolae_diamond_shop,
          nicolae_orc_flooded_monolith, nicolae_alphabet_shops,
          nicolae_orc_lava_room, uniq_josephine

Skill      XL: |  1  2  3  4  5  6  7  8  9 10 11 12 |
---------------+-------------------------------------+-----
Conjurations   | 4 5 6 |  6.0
Fighting       | 2 4 5 |  5.0
Armour         | 2 4 6 |  6.0
Spellcasting   | 3 6 7 |  7.4
Necromancy     | 6 9 10 11 | 11.2
Shields        | 3 |  3.0
Ice Magic      | 6 |  6.0
Long Blades    | 3 |  3.0
Earth Magic    | 6 12 | 12.0
Dodging        | |  1.7
Stealth        | |  2.4

Action                   |  1- 3 |  4- 6 |  7- 9 | 10-12 || total
-------------------------+-------+-------+-------+-------++-------
Melee: Short sword       |    59 |       |       |       ||    59
       Falchion          |       |     1 |    67 |       ||    68
       Halberd           |       |       |     8 |    17 ||    25
       Punch             |       |       |     2 |       ||     2
       Triple sword      |       |       |     1 |   189 ||   190
       Great sword       |       |       |       |    33 ||    33
 Fire: Hunting sling     |    22 |    90 |    88 |    75 ||   275
 Cast: Magic Dart        |    41 |    10 |    40 |    13 ||   104
       Searing Ray       |     4 |    11 |    40 |    59 ||   114
       Vampiric Draining |       |       |       |    32 ||    32
       Frozen Ramparts   |       |       |       |     7 ||     7
       Borgnjor's Vile C |       |       |       |    16 ||    16
 Abil: Dig               |       |       |       |    11 ||    11
  Use: Scroll            |       |     3 |     3 |     7 ||    13
       Potion            |       |       |       |     1 ||     1
 Stab: Sleeping          |     1 |       |     1 |       ||     2
Armor: Robe              |     7 |     4 |     4 |       ||    15
       Ring mail         |       |       |   143 |   226 ||   369
Dodge: Dodged            |    33 |    15 |   141 |   276 ||   465
Block: Buckler           |       |       |       |    98 ||    98
